 Dungeon Crawl Stone Soup version 0.29-b1-12-g9e2288ab2a (webtiles) character file.

Game seed: 9641560894906454716

4228 Renzlar the Blocker (level 10, -9/82 HPs)
             Began as a Gnoll Fighter on Aug 23, 2022.
             Was an Elder of Okawaru.
             Killed from afar by a storm dragon (43 damage)
             ... with a bolt of lightning
             ... on level 7 of the Dungeon on Aug 24, 2022.
             The game lasted 00:28:16 (6154 turns).

Renzlar the Blocker (Gnoll Fighter)                 Turns: 6154, Time: 00:28:16

Health: -9/82      AC: 12    Str: 20    XL:     10   Next: 30%
Magic:  16/18      EV: 14    Int: 10    God:    Okawaru [****..]
Gold:   359        SH: 10    Dex: 12    Spells: 19/19 levels left

rFire   x . .      SeeInvis +   y - +2 spear (flame)
rCold   . . .      Faith    .   N - +3 buckler of Tempters {Int+3}
rNeg    . . .      Spirit   .   w - +0 ring mail of Fabulous Birdsong {rF- Will++ Regen+ SInv}
rPois   +          Reflect  .   o - +1 helmet
rElec   .          Harm     .   e - scarf {repulsion}
rCorr   .          Rampage  .   (no gloves)
Will    ++...                   f - +0 pair of boots
Stlth   ++++......              (no amulet)
HPRegen 1.03/turn               j - ring of see invisible
MPRegen 0.16/turn               F - ring of poison resistance

@: heroic, repel missiles
A: fangs 1, strong nose, distributed training
a: Renounce Religion, Heroism, Finesse


You were on level 7 of the Dungeon.
You worshipped Okawaru.
Okawaru was greatly pleased with you.
You visited 2 branches of the dungeon, and saw 8 of its levels.

You collected 359 gold pieces.

Inventory:

Hand Weapons
 a - a +0 war axe
 c - a +0 sling
 y - a +2 spear of flaming (weapon)
 G - a +2 short sword of protection
Missiles
 g - 33 stones (quivered)
 s - 7 boomerangs
 E - 8 poisoned darts
 K - a throwing net
 L - a curare-tipped dart
Armour
 b - a +0 scale mail
 e - a scarf of repulsion (worn)
 f - a +0 pair of boots (worn)
 o - a +1 helmet (worn)
 w - the +0 ring mail of Fabulous Birdsong (worn) {rF- Will++ Regen+ SInv}
   (You found it on level 4 of the Dungeon)

   rF:        It makes you vulnerable to fire.
   SInv:      It lets you see invisible.
   Regen:     It increases your rate of health regeneration.
   Will:      It greatly increases your willpower.
 N - the +3 buckler of Tempters (worn) {Int+3}
   (You acquired it on level 4 of the Dungeon)

   Int:       It affects your intelligence (+3).
Jewellery
 j - a ring of see invisible (left hand)
 r - a ring of ice
 x - a ring of fire
 D - a +6 ring of intelligence
 F - a ring of poison resistance (right hand)
Wands
 u - a wand of iceblast (10)
 v - a wand of flame (44)
 A - a wand of polymorph (10)
 I - a wand of quicksilver (11)
Scrolls
 m - 4 scrolls of teleportation
 n - a scroll of magic mapping
 B - a scroll of identify
 C - a scroll of poison
 J - a scroll of enchant armour
Potions
 d - a potion of might
 h - 2 potions of mutation
 i - a potion of berserk rage
 k - 2 potions of cancellation
 l - 3 potions of curing
 p - 4 potions of lignification
 q - a potion of resistance
 t - a potion of haste
 z - 2 potions of invisibility
 H - 4 potions of heal wounds
 M - a potion of flight


   Skills:
 + Level 8.5(13.5) Fighting
 + Level 5.3(10.3) Short Blades
 + Level 5.3(10.3) Long Blades
 + Level 7.1(12.1) Axes
 + Level 5.3(10.3) Maces & Flails
 + Level 5.3(10.3) Polearms
 + Level 5.3(10.3) Staves
 + Level 5.3(10.3) Ranged Weapons
 + Level 5.3(10.3) Throwing
 + Level 8.5(13.5) Armour
 + Level 5.3(10.3) Dodging
 + Level 5.3(10.3) Stealth
 + Level 8.5(13.5) Shields
 + Level 5.3(10.3) Unarmed Combat
 + Level 5.3 Spellcasting
 + Level 4.4 Conjurations
 + Level 4.4 Hexes
 + Level 4.4 Summonings
 + Level 4.4 Necromancy
 + Level 4.4 Translocations
 + Level 4.4 Transmutations
 + Level 4.4 Fire Magic
 + Level 4.4 Ice Magic
 + Level 4.4 Air Magic
 + Level 4.4 Earth Magic
 + Level 4.4 Poison Magic
 + Level 5.9 Invocations
 + Level 5.3 Evocations


You had 19 spell levels left.
You didn't know any spells.
Your spell library contained the following spells:

 Spells                   Type           Power      Damage    Failure   Level
 Sting                    Tmut/Pois      44%        1d5       6%          1
 Poisonous Vapours        Pois/Air       22%        N/A       9%          2
 Static Discharge         Conj/Air       11%        3-5/arc   9%          2
 Dispel Undead            Necr           11%        3d9       52%         4
 Olgreb's Toxic Radiance  Pois           11%        N/A       52%         4
 Sticky Flame             Conj/Fire      11%        2d3       52%         4
 Iskenderun's Battlesphe  Conj           11%        2d7       86%         5
 Iron Shot                Conj/Erth      5%         9d2       100%        6
 Spellforged Servitor     Conj/Summ      Unusable   N/A       N/A         7

Dungeon Overview and Level Annotations

Branches:
Dungeon (7/15)             Temple (1/1) D:4

Altars:
Cheibriados
Elyvilon
Fedhas
Gozag
Hepliaklqana
Kikubaaqudgha
Makhleb
Nemelex Xobeh
Okawaru
Qazlal
Ru
Sif Muna
Trog
Uskayaw
Vehumet
Wu Jian
Xom
Zin
The Shining One


Innate Abilities, Weirdness & Mutations

You have very sharp teeth.
Your uncanny sense of smell can sniff out nearby items.
Your experience applies equally to all skills.


Message History

The six-headed hydra bites you!
You block the six-headed hydra's attack.
The six-headed hydra bites you but does no damage. x2
The six-headed hydra bites you!
The six-headed hydra bites you but does no damage.
You hit the six-headed hydra. You burn the six-headed hydra.
The six-headed hydra is lightly wounded.
You block the six-headed hydra's attack.
The six-headed hydra bites you!
The six-headed hydra bites you but does no damage.
The six-headed hydra bites you. x2
You block the six-headed hydra's attack.
Aiming: Polymorph
Press: ? - help, Shift-Dir - straight line, f/p - six-headed hydra
Aim: a six-headed hydra (lightly wounded, will become a ghost moth, an ice dragon, or a storm dragon, chance to affect: 28%)
The six-headed hydra evaporates and reforms as a storm dragon!
Aiming: Polymorph
Press: ? - help, Shift-Dir - straight line, f/p - storm dragon
Aim: a storm dragon (will become a black draconian, a spark wasp, or a ghost moth, chance to affect: 6%)
Okay, then.
Unknown command.
Aiming: Quicksilver Bolt
Press: ? - help, Shift-Dir - straight line, f/p - storm dragon
Aim: a storm dragon (74% to hit)
The bolt of dispelling energy hits the storm dragon!!
The storm dragon is moderately wounded.
The storm dragon bites you.
The storm dragon claws you but does no damage.
The storm dragon tramples you!
You stumble backwards!
The storm dragon bites you! The storm dragon claws you.
The storm dragon tramples you but does no damage.
Aiming: Quicksilver Bolt
Press: ? - help, Shift-Dir - straight line, f/p - storm dragon
Aim: a storm dragon (moderately wounded, 74% to hit)
The bolt of dispelling energy hits the storm dragon!
The storm dragon is moderately wounded.
The storm dragon breathes lightning at you.
The bolt of lightning hits you!!!
Ouch! That really hurt!
You die...

###########..[....# #.# #.#....#
.............##...#D#.# #>#.##.##
###########..####.#.#.# #.#.#....
# #..# #.#.#.# #.#.#..##
###########..# #.#.#.# #.#.#..#
.............####.#.#.# #.#.#..#
############......#.#.# #.#.#..#
###################.#.# #.#.#####
................@D..#.###.#......
#####################.....#######
#.##### ###


You could see a storm dragon (catching breath).

Vanquished Creatures
  A two-headed ogre (D:7)
  Maggie (D:6)
  A komodo dragon (D:7)
  Prince Ribbit (D:5)
  A wraith (D:7)
  A steam dragon (D:7)
  A water moccasin (D:6)
  Duvessa (D:6)
  A sky beast (D:6)
  3 black bears
  An ice beast (D:7)
  2 phantoms
  2 kobold brigands
  4 bullfrogs
  5 scorpions
  2 gnoll sergeants (D:7)
  Dowan (D:6)
  2 water moccasin skeletons (D:6)
  2 bullfrog zombies (D:6)
  4 centaur zombies (D:6)
  A jelly (D:7)
  A gnoll bouda (D:6)
  4 hounds
  Jessica (D:3)
  3 iguanas
  An orc wizard (D:4)
  A killer bee zombie (D:6)
  A howler monkey zombie (D:6)
  Robin (D:3)
  21 gnolls
  7 adders
  2 worms (D:2)
  3 dart slugs
  7 orcs
  10 endoplasms
  A giant cockroach (D:1)
  10 goblins
  9 hobgoblins
  4 jackals (D:1)
  13 kobolds
  2 quokkas
  7 ball pythons
  13 bats
  4 frilled lizards
  6 rats
170 creatures vanquished.

Vanquished Creatures (others)
  A withered plant (D:6)
1 creature vanquished.

Grand Total: 171 creatures vanquished

Notes
Turn   | Place    | Note
-------+----------+-------------------------------------------
     0 | D:1      | Renzlar the Gnoll Fighter began the quest for the Orb.
     0 | D:1      | Reached XP level 1. HP: 23/23 MP: 1/1
    40 | D:1      | Reached XP level 2. HP: 22/29 MP: 2/2
   363 | D:1      | Reached XP level 3. HP: 34/35 MP: 3/3
   569 | D:1      | Reached skill level 1 in Invocations
   785 | D:2      | Reached skill level 1 in Short Blades
   785 | D:2      | Reached skill level 1 in Long Blades
   785 | D:2      | Reached skill level 1 in Maces & Flails
   785 | D:2      | Reached skill level 1 in Polearms
   785 | D:2      | Reached skill level 1 in Staves
   785 | D:2      | Reached skill level 1 in Ranged Weapons
   785 | D:2      | Reached skill level 1 in Throwing
   785 | D:2      | Reached skill level 1 in Dodging
   785 | D:2      | Reached skill level 1 in Stealth
   785 | D:2      | Reached skill level 1 in Unarmed Combat
   785 | D:2      | Reached skill level 1 in Spellcasting
   785 | D:2      | Reached skill level 1 in Evocations
  1177 | D:2      | Reached XP level 4. HP: 31/41 MP: 5/5
  1514 | D:3      | Noticed Robin
  1529 | D:3      | Killed Robin
  1530 | D:3      | Reached skill level 1 in Conjurations
  1530 | D:3      | Reached skill level 1 in Hexes
  1530 | D:3      | Reached skill level 1 in Summonings
  1530 | D:3      | Reached skill level 1 in Necromancy
  1530 | D:3      | Reached skill level 1 in Translocations
  1530 | D:3      | Reached skill level 1 in Transmutations
  1530 | D:3      | Reached skill level 1 in Fire Magic
  1530 | D:3      | Reached skill level 1 in Ice Magic
  1530 | D:3      | Reached skill level 1 in Air Magic
  1530 | D:3      | Reached skill level 1 in Earth Magic
  1530 | D:3      | Reached skill level 1 in Poison Magic
  1662 | D:3      | Reached XP level 5. HP: 25/47 MP: 5/7
  2043 | D:3      | Found a faded altar of an unknown god.
  2278 | D:3      | Noticed Jessica
  2284 | D:3      | Killed Jessica
  2407 | D:4      | Reached XP level 6. HP: 53/53 MP: 8/8
  2551 | D:4      | Reached skill level 5 in Axes
  2576 | D:4      | Identified the +0 ring mail of Fabulous Birdsong {rF-
                  | Will++ Regen+ SInv}
  2868 | D:4      | Noticed a black bear
  2884 | D:4      | Killed a black bear
  3057 | D:4      | Reached XP level 7. HP: 56/60 MP: 10/10
  3216 | D:5      | Entered Level 5 of the Dungeon
  3260 | D:4      | Found a staircase to the Ecumenical Temple.
  3269 | Temple   | Entered the Ecumenical Temple
  3273 | D:4      | Identified a scroll of acquirement
  3273 | D:4      | Acquired the +3 buckler of Tempters {Int+3}
  3364 | D:5      | Found an iron altar of Okawaru.
  3377 | D:5      | Became a worshipper of Warmaster Okawaru
  3998 | D:5      | Noticed Prince Ribbit
  4024 | D:5      | Killed Prince Ribbit
  4024 | D:5      | Reached * piety under Okawaru
  4025 | D:5      | Reached XP level 8. HP: 45/67 MP: 12/12
  4286 | D:6      | Found a bloodstained altar of Trog.
  4380 | D:6      | Noticed Maggie
  4392 | D:6      | Killed Maggie
  4543 | D:6      | Reached ** piety under Okawaru
  4557 | D:6      | Noticed Dowan
  4558 | D:6      | Noticed Duvessa
  4570 | D:6      | Killed Dowan
  4577 | D:6      | HP: 2/68 [Duvessa/+0 short sword (6)]
  4581 | D:6      | Killed Duvessa
  4582 | D:6      | Reached XP level 9. HP: 23/73 MP: 13/15
  4916 | D:6      | Reached *** piety under Okawaru
  4962 | D:6      | Found a glowing silver altar of Zin.
  4963 | D:6      | Found a blossoming altar of Fedhas.
  5092 | D:6      | Reached skill level 5 in Invocations
  5172 | D:7      | Received a gift from Okawaru
  5598 | D:7      | Identified the +2 helmet of Ignis's Felicitations {*Slow
                  | +Inv Str+9 Slay-5}
  5693 | D:7      | Noticed a two-headed ogre
  5709 | D:7      | Killed a two-headed ogre
  5709 | D:7      | Reached **** piety under Okawaru
  5710 | D:7      | Reached skill level 5 in Short Blades
  5710 | D:7      | Reached skill level 5 in Long Blades
  5710 | D:7      | Reached skill level 5 in Maces & Flails
  5710 | D:7      | Reached skill level 5 in Polearms
  5710 | D:7      | Reached skill level 5 in Staves
  5710 | D:7      | Reached skill level 5 in Ranged Weapons
  5710 | D:7      | Reached skill level 5 in Throwing
  5710 | D:7      | Reached skill level 5 in Dodging
  5710 | D:7      | Reached skill level 5 in Stealth
  5710 | D:7      | Reached skill level 5 in Unarmed Combat
  5710 | D:7      | Reached skill level 5 in Spellcasting
  5710 | D:7      | Reached skill level 5 in Evocations
  5710 | D:7      | Reached XP level 10. HP: 82/82 MP: 17/17
  6146 | D:7      | Noticed a six-headed hydra
  6152 | D:7      | Noticed a storm dragon
  6152 | D:7      | a six-headed hydra changed into a storm dragon
  6154 | D:7      | Killed from afar by a storm dragon

Illustrated notes

Levels and vault maps discovered:
D:1:      zelgadis_glass_arrival_small, layout_rooms
D:2:      layout_rooms
D:3:      layout_loops_ring, chequers_ecumenical_altar_simple,
          kennysheep_potato, uniq_jessica, uniq_robin
D:4:      layout_loops_cross, minmay_temple_entry_from_below_a
D:5:      layout_layer_cave, mainiacjoe_overflow_catwalk, uniq_prince_ribbit1
D:6:      layout_loops_ring, nicolae_overflow_hidden_temple, serial_undead,
          serial_undead_f, serial_undead_b, serial_undead_a, serial_undead_d,
          uniq_maggie, uniq_duvessa
D:7:      layout_basic, serial_park_tiny_pond, wad_mini_maze
Temple:   nicolae_temple_no_exploring_needed

Skill      XL: |  1  2  3  4  5  6  7  8  9 |
---------------+----------------------------+-----
Invocations    | 1 2 3 4 5 |  5.9
Short Blades   | 1 2 3 4 5 |  5.3
Long Blades    | 1 2 3 4 5 |  5.3
Maces & Flails | 1 2 3 4 5 |  5.3
Polearms       | 1 2 3 4 5 |  5.3
Staves         | 1 2 3 4 5 |  5.3
Ranged Weapons | 1 2 3 4 5 |  5.3
Throwing       | 1 2 3 4 5 |  5.3
Dodging        | 1 2 3 4 5 |  5.3
Stealth        | 1 2 3 4 5 |  5.3
Unarmed Combat | 1 2 3 4 5 |  5.3
Spellcasting   | 1 2 3 4 5 |  5.3
Evocations     | 1 2 3 4 5 |  5.3
Conjurations   | 1 2 3 4 |  4.4
Hexes          | 1 2 3 4 |  4.4
Summonings     | 1 2 3 4 |  4.4
Necromancy     | 1 2 3 4 |  4.4
Translocations | 1 2 3 4 |  4.4
Transmutations | 1 2 3 4 |  4.4
Fire Magic     | 1 2 3 4 |  4.4
Ice Magic      | 1 2 3 4 |  4.4
Air Magic      | 1 2 3 4 |  4.4
Earth Magic    | 1 2 3 4 |  4.4
Poison Magic   | 1 2 3 4 |  4.4
Axes           | 5 6 7 |  7.1
Fighting       | 7 8 |  8.5
Armour         | 7 8 |  8.5
Shields        | 7 8 |  8.5

Action                   |  1- 3 |  4- 6 |  7- 9 | 10-12 || total
-------------------------+-------+-------+-------+-------++-------
Melee: War axe           |   111 |   164 |   344 |    33 ||   652
       Bite              |     7 |    12 |    47 |     5 ||    71
       Spear             |       |       |     9 |    26 ||    35
       Short sword       |       |       |     2 |       ||     2
 Fire: Sling             |       |       |       |     1 ||     1
Throw: Stone             |       |     2 |       |       ||     2
       Boomerang         |       |       |    16 |     4 ||    20
       Dart              |       |       |     1 |       ||     1
       Throwing net      |       |       |     1 |       ||     1
Invok: Heroism           |       |       |       |     1 ||     1
Evoke: Wand              |       |       |       |     3 ||     3
  Use: Scroll            |     5 |     6 |     7 |     1 ||    19
       Potion            |       |       |     3 |       ||     3
 Stab: Sleeping          |       |       |     2 |       ||     2
Armor: Scale mail        |    53 |    58 |       |       ||   111
       Ring mail         |       |    18 |   139 |    14 ||   171
Dodge: Dodged            |    25 |    77 |   181 |    16 ||   299
       Repelled          |       |       |     2 |       ||     2
Block: Buckler           |    29 |    47 |   176 |    27 ||   279
